 Dungeon Crawl Stone Soup version 0.18-a0-1024-gf1736fb (webtiles) character file.

126 vatarom the Caller (level 4, 0/34 HPs)
             Began as a Mummy Summoner on Jan 7, 2016.
             Slain by a ball python skeleton (1 damage)
             ... on level 4 of the Dungeon.
             The game lasted 00:08:03 (3254 turns).

vatarom the Caller (Mummy Summoner)                 Turns: 3254, Time: 00:08:03

Health: 0/34       AC:  3    Str: 11    XL:     4   Next: 83%
Magic:  2/7        EV:  9    Int: 15    God:
Gold:   149        SH:  0    Dex: 12    Spells: 3 memorised, 1 level left

rFire  x . .     SeeInvis .     c - +0 dagger
rCold  + . .     Gourm    .     a - +1 robe
rNeg   + + +     Faith    .     (no shield)
rPois  ∞         Spirit   .     (no helmet)
rElec  .         Dismiss  .     (no cloak)
rCorr  .         Reflect  .     (no gloves)
SustAt .         Harm     .     (no boots)
MR     .....                    (no amulet)
Stlth  ++........               (no ring)
                                (no ring)

@: constricted, not resistant to hostile enchantments, unstealthy
A: no food or potions, fire vulnerability, cold resistance 1, negative energy
resistance 3, torment resistance, unbreathing
a: no special abilities


You were on level 4 of the Dungeon.
You were not hungry.

You visited 1 branch of the dungeon, and saw 4 of its levels.

You collected 149 gold pieces.

Inventory:

Hand Weapons
 c - a +0 dagger (weapon)
Armour
 a - a +1 robe (worn)
Scrolls
 e - 2 scrolls of identify
Books
 b - a book of Callings

   Spells                             Type                      Level
   a - Summon Small Mammal            Summoning                    1
   b - Call Imp                       Summoning                    2
   c - Call Canine Familiar           Summoning                    3
   d - Summon Guardian Golem          Hexes/Summoning              3
   e - Summon Lightning Spire         Summoning/Air                4
   f - Summon Ice Beast               Ice/Summoning                4


   Skills:
 - Level 2.6 Fighting
 - Level 1.5 Dodging
 - Level 1.5 Stealth
 - Level 2.0 Spellcasting
 + Level 4.5 Summonings


You had one spell level left.
You knew the following spells:

 Your Spells              Type           Power        Failure   Level  Hunger
a - Summon Small Mammal   Summ           ###.         3%          1    N/A
b - Call Imp              Summ           ###.....     6%          2    N/A
c - Call Canine Familiar  Summ           ###.....     12%         3    N/A

Dungeon Overview and Level Annotations

Branches:
Dungeon (4/15)
 Temple: D:4-7

Altars:

Annotations:
D:2 Robin


Innate Abilities, Weirdness & Mutations

You do not eat or drink.
Your flesh is vulnerable to fire.
You are immune to poison.
Your flesh is cold resistant.
You are immune to negative energy.
You are immune to unholy pain and torment.
You can survive without breathing.


Message History

The crimson imp blinks!
Unknown command.
There is a stone staircase leading up here.
Unknown command.
The worker ant bites you.
* * * LOW HITPOINT WARNING * * *
The ball python skeleton bites you but does no damage.
The ball python skeleton grabs you.
You stop ascending the stairs.
The ball python skeleton constricts you.
The worker ant bites you.
* * * LOW HITPOINT WARNING * * *
Unknown command.
Unknown command.
Unknown command.
You escape the ball python skeleton's grasp.
The crimson imp barely misses you. The worker ant bites you.
* * * LOW HITPOINT WARNING * * *
The ball python skeleton barely misses you.
The ball python skeleton grabs you.
You stop ascending the stairs.
You die...

#......#.....(..
#..............
#............#
#............#
#######.....>......+
#....##............#
+....''.†..........+
#....##........a...#
#....##.......Z@...#
.#....##........5...#
.....Z..............#
###########.........#
#...........
#............
#...........###
#............
#......#...


You could see a worker ant, a crimson imp and a ball python skeleton.

Vanquished Creatures
  A hound (D:4)
  An adder (D:3)
  A giant gecko (D:1)
  A ball python (D:2)
  8 bats
  A giant cockroach (D:2)
  2 goblins
  4 hobgoblins
  A jackal (D:2)
  2 quokkas
  A giant newt (D:1)
  2 rats (D:2)
25 creatures vanquished.

Vanquished Creatures (collateral kills)
  A giant frog skeleton (D:4)
  4 adders
  3 worms
  A giant gecko (D:1)
  2 orcs (D:3)
  2 ball pythons
  2 bats (D:2)
  3 giant cockroaches
  5 goblins
  7 hobgoblins
  6 jackals (D:2)
  4 kobolds
  2 quokkas
  4 rats (D:1)
46 creatures vanquished.

Grand Total: 71 creatures vanquished

Notes
Turn   | Place    | Note
--------------------------------------------------------------
     0 | D:1      | vatarom the Mummy Summoner began the quest for the Orb.
     0 | D:1      | Reached XP level 1. HP: 13/13 MP: 3/3
   389 | D:1      | Reached skill level 1 in Fighting
   456 | D:1      | Reached XP level 2. HP: 2/21 MP: 0/5
   511 | D:1      | Learned a level 2 spell: Call Imp
   808 | D:1      | HP: 1/21 [rat (2)]
  1551 | D:2      | Noticed Robin
  1553 | D:2      | Reached XP level 3. HP: 25/27 MP: 3/6
  1941 | D:2      | Learned a level 3 spell: Call Canine Familiar
  2017 | D:2      | Noticed a hippogriff
  2259 | D:2      | Found a faded altar to an unknown god.
  2712 | D:3      | Reached XP level 4. HP: 34/34 MP: 3/7
  3060 | D:3      | Reached skill level 4 in Summonings
  3254 | D:4      | HP: 1/34 [worker ant (3)]
  3254 | D:4      | Slain by a ball python skeleton

Vault maps used:
D:1:      dpeg_arrival_boxorama
D:2:      ecumenical_altar_2, first_bread, lightli_corner_chamber, uniq_robin
D:4:      kennysheep_goblin_castle, minmay_overflow_temple_star_quad,
          uniq_edmund

Action                   |  1- 3 |  4- 6 || total
-------------------------+-------+-------++-------
Melee: Dagger            |   152 |    49 ||   201
       Unarmed           |     6 |       ||     6
 Cast: Summon Small Mamm |    17 |     1 ||    18
       Call Imp          |    21 |     9 ||    30
       Call Canine Famil |     9 |     5 ||    14
  Use: Scroll            |     7 |     1 ||     8
 Stab: Sleeping          |     2 |     1 ||     3
